 Dungeon Sprint DCSS version 0.18.1-50-g88ac8fd (webtiles) character file.

1748 mopl the Agent of Entropy (level 8, -4/74 HPs)
             Began as a Troll Abyssal Knight on July 17, 2019.
             Was a Priest of Lugonu.
             Slain by a centaur warrior (13 damage)
             ... in the Dungeon (Sprint I: "Red Sonja").
             The game lasted 00:02:55 (549 turns).

mopl the Agent of Entropy (Troll Abyssal Knight)     Turns: 549, Time: 00:02:56

Health: -4/74      AC:  5    Str: 23    XL:     8   Next: 78%
Magic:  13/17      EV:  7    Int:  8    God:    Lugonu [***...]
Gold:   2          SH:  8    Dex:  9    Spells: 0 memorised, 7 levels left

rFire  . . .     SeeInvis +       - Unarmed
rCold  . . .     Gourm    +     a - +0 robe
rNeg   . . .     Faith    .     m - +1 shield "Tub Deh" {rElec Regen+ Slay-3 SInv}
rPois  .         Spirit   .     (helmet restricted)
rElec  +         Dismiss  .     (no cloak)
rCorr  .         Reflect  .     (gloves unavailable)
SustAt .         Harm     .     (boots unavailable)
MR     .....     NoTele   +     (no amulet)
Stlth  +.........               (no ring)
                                (no ring)

@: not resistant to hostile enchantments, very unstealthy
A: unfitting armour, claws 3, fast metabolism 3, gourmand, regeneration 2,
shaggy fur 1, tough skin 2
a: Bend Space, Banish, Renounce Religion


You were in the Dungeon.
You worshipped Lugonu.
Lugonu was most pleased with you.
You were very full.

You visited 1 branch You collected 717 gold pieces.
You spent 715 gold pieces at shops.

Inventory:

Armour
 a - a +0 robe (worn)
 m - the +1 shield "Tub Deh" (worn) {rElec Regen+ Slay-3 SInv}
   (You acquired it in the Dungeon)

   It affects your accuracy and damage with ranged weapons and melee attacks
   (-3).
   It insulates you from electricity.
   It lets you see invisible.
   It increases your rate of regeneration.
Wands
 i - a wand of slowing (19/48)
 j - a wand of flame (10/48)
Scrolls
 g - a scroll of silence {unknown}
 h - 2 scrolls of blinking
 n - a scroll of identify
Potions
 c - 3 potions of curing
 d - a potion of heal wounds
 e - a potion of haste
 f - 2 potions of magic
 k - a potion of cancellation {unknown}
 l - a potion of lignification {unknown}
Comestibles
 b - 3 bread rations


   Skills:
 - Level 2.4 Fighting
 - Level 1.9 Dodging
 + Level 11.4 Unarmed Combat
 * Level 14.2 Invocations


You had 7 spell levels left.
You didn't know any spells.

Dungeon Overview and Level Annotations

Branches:
Dungeon (1/1)

Altars:
Cheibriados
Dithmenos
Elyvilon
Fedhas
Gozag
Kikubaaqudgha
Makhleb
Nemelex Xobeh
Okawaru
Pakellas
Qazlal
Ru
Sif Muna
Trog
Vehumet
Xom
Yredelemnul
Zin
The Shining One
Jiyva

Shops:
D (?[


Innate Abilities, Weirdness & Mutations

You are too large for most types of armour.
You have claws for hands.
Your metabolism is lightning-fast.
You like to eat raw meat.
You heal very quickly.
You are covered in fur (AC +1).
You have very tough skin (AC +2).


Message History

The centaur warrior is moderately wounded.
You block the centaur warrior's attack. The centaur warrior hits you!
You block the centaur warrior's attack. The centaur warrior hits you.
You mangle the centaur warrior!!
The centaur warrior is severely wounded.
The centaur warrior hits you.
The centaur warrior hits you but does no damage.
Your shield prevents you from hitting the centaur warrior.
The centaur warrior is severely wounded.
The centaur warrior hits you!
* * * LOW HITPOINT WARNING * * *
The centaur warrior hits you!
* * * LOW HITPOINT WARNING * * *
Press: ? - help, Shift-Dir - straight line, f - centaur warrior
Aim: a centaur warrior (purple smoke, chance to defeat MR: 77%)
The centaur warrior is devoured by a tear in reality.
Lugonu claims a new guest.
Your Invocations skill increases to level 14!
You feel somewhat less full. The centaur warrior hits you!
You die...

##################
<.#.÷)..#..'..#__#
..'..#..').#..'..+
..#####'#####'#__####
..####..#...#(####§§#
..#__####..##(#§§≈§§#
..#_.___##'#..+§§§§.+
⌠⌠#_.∩...'.(._#§c§.§#
###_..._##_(#'##@###
#_____###'#.#.[(.###
###########.####'###)##
∩........'...[.....'.∩#
##++++####...##########
###.### #.#'#.# #.....#
#.....#


You could see a centaur warrior.

Vanquished Creatures
  A deep troll (D)
  A slime creature (D)
  A yak (D)
  Sigmund (D)
  An ogre (D)
  A jelly (D)
  Ijyb (D)
  3 ballistomycetes (D)
10 creatures vanquished.

Vanquished Creatures (others)
  A centaur warrior (D)
  A gargoyle (D)
  2 giant spores (D)
4 creatures vanquished.

Grand Total: 14 creatures vanquished

Notes
Turn   | Place    | Note
--------------------------------------------------------------
     0 | D        | mopl the Troll Abyssal Knight began the quest for the Orb.
     0 | D        | Reached XP level 1. HP: 22/22 MP: 1/1
   102 | D        | Noticed Ijyb
   121 | D        | Killed Ijyb
   121 | D        | Reached skill level 3 in Unarmed Combat
   121 | D        | Reached skill level 4 in Invocations
   121 | D        | Reached XP level 2. HP: 21/29 MP: 2/4
   137 | D        | Noticed an ogre
   143 | D        | Killed an ogre
   143 | D        | Reached ** piety under Lugonu
   143 | D        | Reached skill level 5 in Unarmed Combat
   143 | D        | Reached skill level 7 in Invocations
   143 | D        | Reached XP level 3. HP: 24/36 MP: 5/7
   143 | D        | Reached XP level 4. HP: 29/44 MP: 5/8
   180 | D        | Noticed Sigmund
   191 | D        | Killed Sigmund
   191 | D        | Reached skill level 7 in Unarmed Combat
   191 | D        | Reached skill level 9 in Invocations
   191 | D        | Reached XP level 5. HP: 49/50 MP: 9/11
   204 | D        | Found a deep blue altar of Sif Muna.
   206 | D        | Found a radiant altar of Vehumet.
   209 | D        | Reached XP level 6. HP: 58/59 MP: 12/12
   235 | D        | Found Terad's Magic Scroll Emporium.
   235 | D        | Found a white marble altar of Elyvilon.
   235 | D        | Found a stormy altar of Qazlal.
   235 | D        | Found a basalt altar of Yredelemnul.
   235 | D        | Found an iron altar of Okawaru.
   235 | D        | Found a sparkling altar of Nemelex Xobeh.
   235 | D        | Found a shimmering altar of Xom.
   235 | D        | Found an ancient bone altar of Kikubaaqudgha.
   235 | D        | Noticed a yak
   242 | D        | Killed a yak
   242 | D        | Reached *** piety under Lugonu
   242 | D        | Reached skill level 8 in Unarmed Combat
   242 | D        | Reached skill level 10 in Invocations
   243 | D        | Found a burning altar of Makhleb.
   243 | D        | Found a sacrificial altar of Ru.
   243 | D        | Found an oddly glowing altar of Pakellas.
   243 | D        | Found a glowing golden altar of the Shining One.
   243 | D        | Found an opulent altar of Gozag.
   243 | D        | Found a glowing silver altar of Zin.
   252 | D        | Found a bloodstained altar of Trog.
   290 | D        | Noticed Sonja
   290 | D        | Paralysed by Sonja for 4 turns
   294 | D        | Banished Sonja
   294 | D        | Reached skill level 9 in Unarmed Combat
   294 | D        | Reached skill level 12 in Invocations
   294 | D        | Reached XP level 7. HP: 45/66 MP: 13/15
   416 | D        | Killed a gargoyle
   423 | D        | Found Lointiph's Antique Weapon Boutique.
   443 | D        | Noticed a deep troll
   448 | D        | Killed a deep troll
   448 | D        | Reached skill level 10 in Unarmed Combat
   448 | D        | Reached skill level 13 in Invocations
   448 | D        | Reached XP level 8. HP: 74/74 MP: 16/16
   461 | D        | Found Lyirown's Armour Emporium.
   500 | D        | Bought a scroll of acquirement for 676 gold pieces
   500 | D        | Bought a scroll of identify for 26 gold pieces
   500 | D        | Bought a scroll of random uselessness for 13 gold pieces
   502 | D        | Got a spiked shield
   508 | D        | Identified the +1 shield "Tub Deh" {rElec Regen+ Slay-3 SInv} (You acquired it in the Dungeon)
   519 | D        | Found a snail-covered altar of Cheibriados.
   519 | D        | Found a viscous altar of Jiyva.
   519 | D        | Found a shadowy altar of Dithmenos.
   519 | D        | Found a blossoming altar of Fedhas.
   519 | D        | Noticed a slime creature
   526 | D        | Killed a slime creature
   526 | D        | Reached skill level 11 in Unarmed Combat
   543 | D        | Noticed a centaur warrior
   543 | D        | Noticed a centaur warrior
   549 | D        | Banished a centaur warrior
   549 | D        | Reached skill level 14 in Invocations
   549 | D        | Slain by a centaur warrior

Skill      XL: |  1  2  3  4  5  6  7  8 |
---------------+-------------------------+-----
Unarmed Combat | 3 5 7 9 10 11 | 11.4
Invocations    | 4 7 9 12 13 14 | 14.2
Fighting       | |  2.4
Dodging        | |  1.9

Action                   |  1- 3 |  4- 6 |  7- 9 || total
-------------------------+-------+-------+-------++-------
Melee: Unarmed           |    21 |    18 |    21 ||    60
       Punch             |       |     1 |       ||     1
Invok: Banish            |       |       |     2 ||     2
Evoke: Wand              |     1 |     2 |       ||     3
  Use: Potion            |       |       |     1 ||     1
       Scroll            |       |       |     2 ||     2
  Eat: Chunk             |     2 |     6 |     2 ||    10
Armor: Robe              |     5 |     2 |     1 ||     8
Dodge: Dodged            |    11 |     3 |     3 ||    17
Block: Shield            |       |       |     3 ||     3
